 Dungeon Crawl Stone Soup version 0.26.0-10-g1f06aea511 (webtiles) character file.

Game seed: 11621858639798494606

95 Arum the Charlatan (level 4, -1/34 HPs)
             Began as a Formicid Artificer on Jan 17, 2021.
             Succumbed to Crazy Yiuf's poison
             ... on level 2 of the Dungeon.
             The game lasted 00:03:40 (3116 turns).

Arum the Charlatan (Formicid Artificer)             Turns: 3116, Time: 00:03:41

Health: -1/34      AC:  9    Str: 17    XL:     4   Next: 97%
Magic:  4/4        EV:  9    Int: 11    God:
Gold:   99         SH:  0    Dex: 11    Spells: 3/3 levels left

rFire    . . .     SeeInvis +   h - +0 whip
rCold    . . .     Faith    .   (no shield)
rNeg     . . .     Spirit   .   j - +0 scale mail
rPois    .         Reflect  .   (helmet unavailable)
rElec    .         Harm     .   l - +0 cloak
rCorr    .         Rampage  .   b - +0 pair of gloves
Will     .....                  (no boots)
Stlth    ..........             (no amulet)
HPRegen  0.11/turn              (no ring)
MPRegen  0.09/turn              (no ring)

@: lethally poisoned (-1 -> -14)
A: permanent stasis, dig shafts and tunnels, four strong arms, antennae 3
a: Dig, Shaft Self


You were on level 2 of the Dungeon.
You visited 1 branch of the dungeon, and saw 2 of its levels.

You collected 99 gold pieces.

Inventory:

Hand Weapons
 h - a +0 whip (weapon)
Armour
 b - a +0 pair of gloves (worn)
 j - a +0 scale mail (worn)
 l - a +0 cloak (worn)
Wands
 c - a wand of flame (9) (quivered)
 d - a wand of enslavement (15)
 e - a wand of random effects (13)
Scrolls
 a - 2 scrolls of remove curse {unknown}
 g - 2 scrolls of enchant armour {unknown}
 i - a scroll of blinking {unknown}
 k - a scroll of enchant weapon {unknown}
 m - 5 scrolls of identify {unknown}
 n - 4 scrolls of teleportation {unknown}
Potions
 f - a potion of haste
 o - a potion of attraction {unknown}


   Skills:
 + Level 2.7 Fighting
 + Level 0.5 Maces & Flails
 + Level 3.4 Armour
 - Level 0.8 Dodging
 - Level 1.2 Stealth
 + Level 4.2 Evocations


You had 3 spell levels left.
You didn't know any spells.
Your spell library was empty.

Dungeon Overview and Level Annotations

Branches:
Dungeon (2/15)

Altars:
Fedhas
Hepliaklqana
Xom

Annotations:
D:2 Crazy Yiuf


Innate Abilities, Weirdness & Mutations

You cannot be hasted, slowed, berserked, paralysed or teleported.
You can dig through walls and to a lower floor.
Your four strong arms can wield two-handed weapons with a shield.
You have a pair of large antennae on your head. (SInv)


Message History

The puff of frost hits Crazy Yiuf.
Crazy Yiuf is heavily wounded.
Crazy Yiuf barely misses you.
Evoke which item? (* to show all) (? for menu, Esc to quit)
Aiming: Throw Flame
Press: ? - help, Shift-Dir - straight line, f/p - Crazy Yiuf
Aim: Crazy Yiuf, wielding a +2 quarterstaff of chaos and wearing a +2 cloak (heavily wounded, slightly transparent, 25% to evade)
The puff of flame misses Crazy Yiuf.
Evoke which item? (* to show all) (? for menu, Esc to quit)
Aiming: Throw Flame
Press: ? - help, Shift-Dir - straight line, f/p - Crazy Yiuf
Aim: Crazy Yiuf, wielding a +2 quarterstaff of chaos and wearing a +2 cloak (heavily wounded, slightly transparent, 25% to evade)
The puff of flame hits Crazy Yiuf.
Crazy Yiuf is heavily wounded.
Crazy Yiuf hits you with a +2 quarterstaff of chaos!
* * * LOW HITPOINT WARNING * * *
You are lethally poisoned!
It was a potion of haste.
Your stasis prevents you from being hasted.
You die...

#.#######.#
#...# #..#
#.##......#
... #.##
#.##.####.#
#'# ###
#.##.####.#
##.#
#.##.##...#
#.##
#.##(##.###
##.#
#.##.##.###
#.##
#.##.).[..#
##.##
#.#####@###
#...## #.#
#g# #....#
#.# #.#
#....# #.#
#.# #....#
##.# #.#
##...# #..#
#.# #..##
#.## #.#
#.## #.# #.#
##.# #.#
###.#####..#


You could see Crazy Yiuf (invisible).

Vanquished Creatures
  3 adders (D:2)
  An ooze (D:1)
  2 dart slugs
  3 leopard geckos
  10 bats
  3 giant cockroaches
  4 goblins (D:1)
  7 hobgoblins
  4 jackals (D:2)
  9 kobolds
  2 frilled lizards
  4 rats
52 creatures vanquished.

Notes
Turn   | Place    | Note
-------+----------+-------------------------------------------
     0 | D:1      | Arum the Formicid Artificer began the quest for the Orb.
     0 | D:1      | Reached XP level 1. HP: 15/15 MP: 1/1
   107 | D:1      | Reached XP level 2. HP: 5/21 MP: 2/2
   894 | D:1      | Reached XP level 3. HP: 17/27 MP: 3/3
  1891 | D:2      | Reached skill level 4 in Evocations
  1891 | D:2      | Reached XP level 4. HP: 18/34 MP: 4/4
  2437 | D:2      | Found a shimmering altar of Xom.
  2438 | D:2      | Found a hazy altar of Hepliaklqana.
  2439 | D:2      | Noticed a spectral ugly thing
  2583 | D:2      | Found a blossoming altar of Fedhas.
  3075 | D:2      | Found a runed translucent door.
  3076 | D:2      | Noticed Crazy Yiuf
  3115 | D:2      | HP: 1/34 [Crazy Yiuf/+2 quarterstaff of chaos (8)]
  3116 | D:2      | Succumbed to Crazy Yiuf's poison

Illustrated notes

Levels and vault maps discovered:
D:1:      dpeg_chamrin_arrival_tetris, layout_basic, corexii_corridor_pit
D:2:      layout_loops_ring, regret_index_temple_of_mockery,
          fedhas_ov_isle_minmay, uniq_crazy_yiuf_cottage

Skill      XL: |  1  2  3 |
---------------+----------+-----
Fighting       | 2 |  2.7
Armour         | 3 |  3.4
Evocations     | 4 |  4.2
Maces & Flails | |  0.5
Dodging        | |  0.8
Stealth        | |  1.2

Action                   |  1- 3 |  4- 6 || total
-------------------------+-------+-------++-------
Melee: Club              |    20 |       ||    20
       Whip              |   109 |   168 ||   277
Evoke: Wand              |     4 |     4 ||     8
  Use: Potion            |       |     1 ||     1
 Stab: Sleeping          |     1 |       ||     1
Armor: Leather armour    |    15 |       ||    15
       Scale mail        |    49 |   114 ||   163
Dodge: Dodged            |    99 |   102 ||   201
